 Dungeon Crawl Stone Soup version 0.17-a0-1174-ge06b3cc (webtiles) character file.

96 Hanyuu the Insei (level 4, -1/28 HPs)
             Began as an Octopode Transmuter on May 29, 2015.
             Slain by a centaur (3 damage)
             ... on level 3 of the Dungeon.
             The game lasted 00:03:52 (2102 turns).

Hanyuu the Insei (Octopode Transmuter)              Turns: 2102, Time: 00:03:52

Health: -1/28      AC:  2    Str:  9    XL:     4   Next: 67%
Magic:  5/7        EV: 19    Int: 16    God:
Gold:   124        SH:  0    Dex: 17    Spells: 3 memorised, 1 level left

rFire  . . .     SeeInvis .       - Unarmed
rCold  . . .     Clarity  .     (shield currently unavailable)
rNeg   . . .     SustAt   .     (helmet currently unavailable)
rPois  x         Gourm    .     (no amulet)
rElec  .         Spirit   .     (no ring)
rCorr  .         Warding  .     (no ring)
rMut   .         Stasis   .     (no ring)
MR     .....                    (no ring)
Stlth  ++........               (no ring)
                                (no ring)
                                (no ring)
                                (no ring)

@: spider-form (expiring), not resistant to hostile enchantments, unstealthy
A: almost no armour, amphibious, 8 rings, (constrict 8), (camouflage 0),
(gelatinous body 0)
a: End Transformation


You were on level 3 of the Dungeon.
You were not hungry.
You were a venomous arachnid creature.
You visited 1 branch of the dungeon, and saw 3 of its levels.

You collected 124 gold pieces.

Inventory:

Missiles
 a - 37 arrows
 n - 5 tomahawks (quivered)
Scrolls
 e - 2 scrolls of amnesia {unknown}
 f - 2 scrolls of remove curse {unknown}
 h - 3 scrolls of identify {unknown}
 l - a scroll of fog {unknown}
 m - a scroll of enchant armour {unknown}
 p - a scroll of teleportation {unknown}
 r - a scroll of blinking {unknown}
Potions
 d - a potion of mutation {unknown}
 k - a potion of invisibility {unknown}
 q - a potion of agility {unknown}
 s - a potion of lignification {unknown}
Books
 b - a book of Changes

   Spells                             Type                      Level
   a - Beastly Appendage              Transmutation                1
   b - Sticks to Snakes               Transmutation                2
   c - Spider Form                    Transmutation/Poison         3
   d - Ice Form                       Ice/Transmutation            4
   e - Blade Hands                    Transmutation                5
Comestibles
 c - 3 bread rations
 i - a slice of pizza
 j - a meat ration


   Skills:
 + Level 1.5 Fighting
 - Level 2.0 Dodging
 * Level 4.9 Unarmed Combat
 - Level 2.0 Spellcasting
 - Level 2.0 Transmutations
 - Level 1.0 Poison Magic


You had one spell level left.
You knew the following spells:

 Your Spells              Type           Power        Failure   Level  Hunger
a - Beastly Appendage     Trmt           #.....       24%         1    #......
b - Sticks to Snakes      Trmt           #.........   32%         2    ###....
c - Spider Form           Trmt/Pois      #.........   56%         3    ###....


Dungeon Overview and Level Annotations

Branches:
Dungeon (3/15)

Altars:
The Shining One

Annotations:
D:3 Purgy


Innate Abilities, Weirdness & Mutations

You cannot wear most types of armour.
You are amphibious.
You can wear up to eight rings at the same time.
((You can use your tentacles to constrict eight enemies at once.))
((Your skin changes colour to match your surroundings (Stealth).))
((Your rubbery body absorbs attacks (AC +1).))


Message History

The quokka bites you but does no damage.
Purgy bites you. Purgy claws you but does no damage. Purgy misses you.
The centaur hits you. The giant gecko misses you.
All of the chunks of flesh in your inventory have rotted away.
You barely miss Purgy.
Purgy is heavily wounded.
The quokka bites you. The centaur completely misses you.
Purgy completely misses you. Purgy closely misses you.
Purgy completely misses you. The giant gecko closely misses you.
You hit Purgy.
Purgy is severely wounded.
The centaur hits you!
* * * LOW HITPOINT WARNING * * *
The quokka closely misses you. Purgy bites you.
* * * LOW HITPOINT WARNING * * *
Purgy claws you.
* * * LOW HITPOINT WARNING * * *
Purgy closely misses you. The giant gecko closely misses you.
The centaur hits you.
You die...

#######..#######.###
###....................
##......................
...#........((..........
...#....................
........................
...#....................
...#....................
...#............sl......
...............Tcr......
####.........%(.........
#....................
#..................<.
#....................
#....................
#....................
.......


You could see Purgy, a centaur, a giant gecko and a quokka.

Vanquished Creatures
  Jessica (D:3)
  2 adders (D:2)
  An ooze (D:1)
  A worm (D:2)
  3 giant geckos
  8 goblins
  3 hobgoblins
  2 jackals (D:1)
  3 kobolds (D:1)
  2 ball pythons
  9 bats
  2 giant cockroaches
  A giant newt (D:1)
  9 rats
47 creatures vanquished.

Notes
Turn   | Place    | Note
--------------------------------------------------------------
     0 | D:1      | Hanyuu the Octopode Transmuter began the quest for the Orb.
     0 | D:1      | Reached XP level 1. HP: 13/13 MP: 3/3
   359 | D:1      | Reached XP level 2. HP: 12/18 MP: 3/5
   714 | D:1      | Reached skill level 4 in Unarmed Combat
  1003 | D:1      | Reached XP level 3. HP: 23/23 MP: 6/6
  1007 | D:1      | Learned a level 2 spell: Sticks to Snakes
  1011 | D:1      | Learned a level 3 spell: Spider Form
  1600 | D:2      | Reached skill level 1 in Poison Magic
  1610 | D:2      | Reached XP level 4. HP: 23/28 MP: 7/7
  1805 | D:2      | Found a glowing golden altar of the Shining One.
  2086 | D:3      | Noticed a centaur
  2090 | D:3      | Noticed Jessica
  2090 | D:3      | Noticed Purgy
  2094 | D:3      | Killed Jessica
  2102 | D:3      | Slain by a centaur

Vault maps used:
D:1:      grunt_arrival_crossed_arrows, minmay_misc_feat_nine_boxes,
          grunt_decor_arrowhead
D:2:      old_standard_altar, kennysheep_big_empty_room
D:3:      small_statue_intersection, uniq_jessica, uniq_purgy

Action                   |  1- 3 |  4- 6 || total
-------------------------+-------+-------++-------
Melee: Unarmed           |    81 |    25 ||   106
 Cast: Beastly Appendage |     4 |     1 ||     5
       Spider Form       |     1 |     1 ||     2
  Use: Potion            |       |     2 ||     2
 Stab: Sleeping          |     6 |     1 ||     7
  Eat: Chunk             |     2 |     2 ||     4
